 Dungeon Crawl Stone Soup version 0.17.0-28-g6e173f8 (webtiles) character file.

17754 radek the Geomancer (level 12, -8/64 HPs)
             Began as a Gargoyle Earth Elementalist on Nov 22, 2015.
             Was a Believer of Vehumet.
             Mangled by Maud
             ... wielding a +2 glaive
              (18 damage)
             ... on level 4 of the Lair of Beasts.
             The game lasted 01:19:17 (19610 turns).

radek the Geomancer (Gargoyle Earth Elementalist)  Turns: 19610, Time: 01:19:19

Health: -8/64      AC: 11    Str: 12    XL:     12   Next: 51%
Magic:  12/36      EV: 12    Int: 21    God:    Vehumet [**....]
Gold:   813        SH:  0    Dex: 10    Spells: 5 memorised, 17 levels left

rFire  . . .     SeeInvis .     Y - staff of energy
rCold  . . .     Clarity  .     (no armour)
rNeg   + . .     SustAt   .     (no shield)
rPois  ∞         Gourm    .     k - +0 helmet
rElec  +         Spirit   .     I - +0 cloak
rCorr  .         Warding  .     (no gloves)
rMut   .         Stasis   .     N - +0 pair of boots
MR     .....                    (no amulet)
Stlth  +++.......               V - ring of magical power
                                q - ring of stealth

@: very slightly contaminated, not resistant to hostile enchantments, fairly
stealthy
A: negative energy resistance 1, electricity resistance, unbreathing,
petrification resistance, rot immunity, AC +8
a: Renounce Religion


You were on level 4 of the Lair of Beasts.
You worshipped Vehumet.
Vehumet was pleased with you.
You were not hungry.

You visited 3 branches of the dungeon, and saw 14 of its levels.

You collected 813 gold pieces.

Inventory:

Hand Weapons
 i - a +0 mace
 w - a +1 morningstar
 F - a +1 flail
Missiles
 b - 395 stones (quivered)
Armour
 k - a +0 helmet (worn)
 I - a +0 cloak (worn)
 N - a +0 pair of boots (worn)
 P - a +0 pearl dragon armour
Magical Staves
 Y - an uncursed staff of energy (weapon)
Jewellery
 q - a ring of stealth (left hand)
 B - an uncursed amulet of stasis
 V - a ring of magical power (right hand)
Wands
 o - a wand of fireball (9)
 J - a wand of disintegration (10)
 M - a wand of lightning (5)
 R - a wand of teleportation (4)
Scrolls
 g - 6 scrolls of identify
 h - a scroll of fog {unknown}
 m - 3 scrolls of enchant weapon
 n - 7 scrolls of remove curse
 p - 2 scrolls of immolation {unknown}
 s - a scroll of holy word {unknown}
 x - a scroll of fear {unknown}
 y - a scroll of blinking
 z - a scroll of recharging {unknown}
 A - 2 scrolls of random uselessness {unknown}
 E - 5 scrolls of teleportation
 T - a scroll of amnesia {unknown}
 W - 3 scrolls of magic mapping {unknown}
 X - 2 scrolls of enchant armour
Potions
 e - 3 potions of brilliance
 f - a potion of mutation {unknown}
 j - 7 potions of curing
 r - a potion of magic {unknown}
 t - 2 potions of degeneration {unknown}
 u - a potion of might
 v - 4 potions of flight
 C - a potion of poison {unknown}
 G - 3 potions of heal wounds
 H - 2 potions of resistance {unknown}
 K - 4 potions of ambrosia {unknown}
 O - 2 potions of agility {unknown}
 Z - 3 potions of lignification {unknown}
Miscellaneous
 L - a plain deck of destruction
Comestibles
 a - 16 fruits
 c - a meat ration
 d - a royal jelly
 D - a bread ration
 Q - 3 beef jerkies


   Skills:
 + Level 3.5 Fighting
 + Level 3.1 Dodging
 - Level 2.1 Stealth
 + Level 11.4 Spellcasting
 + Level 11.5 Conjurations
   Level 0.7 Transmutations
 * Level 3.7 Fire Magic
 + Level 12.5 Earth Magic


You had 17 spell levels left.
You knew the following spells:

 Your Spells              Type           Power        Failure   Level  Hunger
a - Sandblast             Erth           ######       1%          1    None
b - Stone Arrow           Conj/Erth      ######       1%          3    None
c - Lee's Rapid Deconstr  Erth           ######....   1%          5    None
d - Blink                 Tloc           N/A          12%         2    None
e - Fireball              Conj/Fire      #####.....   10%         5    None


Dungeon Overview and Level Annotations

Branches:
Dungeon (9/15)             Temple (1/1) D:5            Lair (4/8) D:9
 Spider (0/4) Lair:3
  Swamp: Lair:3-6    Shoals: Lair:3-6       Orc: D:9-12

Altars:
Ashenzari
Cheibriados
Dithmenos
Elyvilon
Fedhas
Gozag
Kikubaaqudgha
Makhleb
Nemelex Xobeh
Okawaru
Qazlal
Ru
Sif Muna
Trog
Vehumet
Xom
Yredelemnul
Zin
The Shining One

Shops:
D:9 *

Annotations:
Lair:4 Maud


Innate Abilities, Weirdness & Mutations

You are resistant to torment.
Your stone body is resilient (AC +8).
You are immune to poison.
You resist negative energy.
You are resistant to electric shocks.
You can survive without breathing.
You are immune to petrification.
You are immune to rotting.


Message History

The stone arrow hits Maud.
Maud is severely wounded.
Maud hits you with an enchanted glaive!!
* * * LOW HITPOINT WARNING * * *
Casting: Stone Arrow
Confirm with . or Enter, or press ? or * to list all spells.
Aiming: Stone Arrow
Press: ? - help, Shift-Dir - straight line, f/p - Maud
Aim: Maud, wielding an enchanted glaive and wearing a shiny chain mail (severely wounded)
The stone arrow hits Maud.
Maud is severely wounded.
Maud hits you with an enchanted glaive!
* * * LOW HITPOINT WARNING * * *
Casting: Stone Arrow
Confirm with . or Enter, or press ? or * to list all spells.
You miscast Blink.
You are very lightly contaminated with residual magic.
The air around you crackles with energy!
Maud hits you with an enchanted glaive!!
You die...

......##.P...........##
....................##
....................#
.........#.......####
............P#####
.............###
............##.#####
..........#.#......#
...........(...@@..#
.............[..[÷..#
....................#
......_.............#
.........P..........#
..#.................P#
###.#P..#.#...^..(...#
.......####...........
....@..# ##........


You could see Maud.

Vanquished Creatures
  Josephine (Lair:4)
  A hydra (Lair:1)
  Sonja (Lair:2)
  The ghost of septik the Arsonist, a novice DEFE of Vehumet (D:8)
  An oklob plant (Lair:3)
  A griffon (Lair:2)
  2 black mambas
  A fire drake (D:9)
  5 spiny frogs
  A komodo dragon (Lair:2)
  2 polar bears
  11 blink frogs
  Sigmund (D:5)
  4 wraiths
  4 trapdoor spiders (Lair:3)
  A wyvern (D:8)
  A human (D:7)
  4 hippogriffs
  3 yaks (Lair:2)
  9 porcupines
  8 water moccasins
  4 wolves (Lair:2)
  A black bear (Lair:2)
  4 sky beasts
  5 ogres
  2 necrophages (D:9)
  2 orc warriors (D:7)
  A wasp (D:8)
  2 ice beasts
  A centaur (D:8)
  6 crocodiles
  8 giant frogs
  A big kobold (D:7)
  4 phantoms
  4 scorpions
  3 killer bees (D:8)
  4 wights
  3 crimson imps
  A jelly (D:7)
  A centaur zombie (D:6)
  An orc priest (D:7)
  2 hounds
  4 iguanas
  3 giant frog skeletons
  6 orc wizards
  A statue (D:8)
  9 worker ants
  4 sheep (D:7)
  A worker ant zombie (D:7)
  A gnoll (D:1)
  25 river rats
  3 shadow imps
  13 adders
  2 adder zombies
  4 worms
  An adder skeleton (D:8)
  7 giant geckos
  23 orcs
  A ball python (D:4)
  7 giant cockroaches
  5 goblins
  4 hobgoblins
  20 jackals
  3 quokkas
  10 bats
  A giant gecko skeleton (D:5)
  4 giant newts
  A jackal zombie (D:6)
  7 kobolds
  8 rats
  A fungus (Lair:4)
302 creatures vanquished.

Vanquished Creatures (others)
  2 fungi (Lair:2)
  A plant (Lair:4)
3 creatures vanquished.

Grand Total: 305 creatures vanquished

Notes
Turn   | Place    | Note
--------------------------------------------------------------
     0 | D:1      | radek the Gargoyle Earth Elementalist began the quest for the Orb.
     0 | D:1      | Reached XP level 1. HP: 10/10 MP: 3/3
    62 | D:1      | Found an iron altar of Okawaru.
   397 | D:1      | Reached skill level 4 in Earth Magic
   397 | D:1      | Reached XP level 2. HP: 10/15 MP: 5/5
  1033 | D:1      | Reached XP level 3. HP: 19/19 MP: 6/6
  1979 | D:2      | Learned a level 3 spell: Stone Arrow
  2436 | D:2      | Found a burning altar of Makhleb.
  2448 | D:2      | Reached XP level 4. HP: 20/24 MP: 2/8
  2449 | D:2      | Reached skill level 5 in Earth Magic
  2747 | D:2      | Reached skill level 1 in Conjurations
  3215 | D:3      | Reached XP level 5. HP: 25/28 MP: 6/9
  3853 | D:3      | Learned a level 5 spell: Lee's Rapid Deconstruction
  4065 | D:3      | Found a deep blue altar of Sif Muna.
  4494 | D:4      | Found a shattered altar of Ashenzari.
  5176 | D:4      | Reached XP level 6. HP: 19/32 MP: 2/10
  5622 | D:5      | Entered Level 5 of the Dungeon
  5747 | D:5      | Found a staircase to the Ecumenical Temple.
  5767 | D:5      | Reached skill level 6 in Earth Magic
  6241 | Temple   | Entered the Ecumenical Temple
  6477 | D:5      | Reached XP level 7. HP: 16/36 MP: 2/12
  6854 | D:5      | Reached skill level 5 in Conjurations
  6902 | D:5      | Noticed a water moccasin
  6909 | D:5      | Killed a water moccasin
  7092 | D:5      | Noticed Sigmund
  7095 | D:5      | Killed Sigmund
  7095 | D:5      | Reached skill level 7 in Earth Magic
  7095 | D:5      | Reached XP level 8. HP: 41/41 MP: 7/14
  8700 | D:6      | Reached skill level 5 in Spellcasting
  8889 | D:6      | Reached skill level 8 in Earth Magic
  9070 | D:6      | Noticed an ogre mage
  9381 | D:6      | Reached XP level 9. HP: 32/45 MP: 3/17
  9897 | D:7      | Learned a level 2 spell: Blink
 10506 | D:6      | Reached skill level 9 in Earth Magic
 11693 | D:7      | Found a shattered altar of Ashenzari.
 11868 | D:8      | Found an ancient bone altar of Kikubaaqudgha.
 11872 | D:8      | Noticed septik's ghost (novice DEFE)
 11878 | D:8      | Killed septik's ghost
 11878 | D:8      | Reached XP level 10. HP: 43/50 MP: 7/22
 11879 | D:8      | Found a stormy altar of Qazlal.
 11971 | D:8      | Found a glowing silver altar of Zin.
 11971 | D:8      | Found a burning altar of Makhleb.
 12130 | D:8      | Reached skill level 10 in Earth Magic
 12270 | D:8      | Found a sacrificial altar of Ru.
 12353 | D:8      | Found a radiant altar of Vehumet.
 12429 | D:8      | Became a worshipper of Vehumet
 13067 | D:9      | Found a staircase to the Lair.
 13187 | D:9      | Found Ibuquaru's Assorted Antiques.
 13858 | D:9      | Found an opulent altar of Gozag.
 14235 | Lair:1   | Entered Level 1 of the Lair of Beasts
 14295 | Lair:1   | Noticed a six-headed hydra
 14304 | Lair:1   | Killed a six-headed hydra
 14490 | Lair:1   | Reached skill level 10 in Conjurations
 14528 | Lair:2   | Reached XP level 11. HP: 54/54 MP: 24/24
 14674 | Lair:2   | Reached * piety under Vehumet
 14674 | Lair:2   | Offered knowledge of Freeze by Vehumet.
 14918 | Lair:2   | Reached skill level 11 in Earth Magic
 14951 | Lair:2   | Reached skill level 10 in Spellcasting
 16140 | Lair:1   | Reached ** piety under Vehumet
 16320 | Lair:1   | Offered knowledge of Magic Dart by Vehumet.
 16529 | Lair:2   | Noticed a griffon
 16541 | Lair:2   | Killed a griffon
 16857 | Lair:2   | Noticed Sonja
 16871 | Lair:2   | Killed Sonja
 17078 | Lair:2   | Reached skill level 1 in Fighting
 17324 | Lair:2   | Reached skill level 12 in Earth Magic
 17507 | Lair:3   | Reached XP level 12. HP: 62/62 MP: 26/27
 17626 | Lair:2   | Learned a level 5 spell: Fireball
 17852 | Lair:3   | Reached skill level 1 in Fire Magic
 17854 | Lair:3   | Found a hole to the Spider Nest.
 17856 | Lair:3   | Offered knowledge of Mephitic Cloud by Vehumet.
 18994 | Lair:4   | Found a shattered altar of Ashenzari.
 19200 | Lair:4   | Noticed Josephine
 19361 | Lair:4   | Killed Josephine
 19364 | Lair:4   | Noticed Maud
 19610 | Lair:4   | Mangled by Maud

Action                   |  1- 3 |  4- 6 |  7- 9 | 10-12 || total
-------------------------+-------+-------+-------+-------++-------
Melee: Mace              |   117 |   174 |   110 |     9 ||   410
       Unarmed           |    14 |       |       |       ||    14
       Staff             |       |       |       |    15 ||    15
 Cast: Sandblast         |    24 |   131 |    43 |     9 ||   207
       Stone Arrow       |       |     3 |    92 |   246 ||   341
       Lee's Rapid Decon |       |       |    18 |    30 ||    48
       Blink             |       |       |     2 |     1 ||     3
       Fireball          |       |       |       |     1 ||     1
  Use: Scroll            |       |       |     4 |     5 ||     9
 Stab: Sleeping          |     3 |     7 |     3 |       ||    13
  Eat: Chunk             |     5 |    12 |    18 |    19 ||    54
       Beef jerky        |       |     1 |       |     2 ||     3
       Fruit             |       |       |     3 |       ||     3
       Pizza             |       |       |     3 |     2 ||     5
